 Dungeon Crawl Stone Soup version 0.17.0-28-g6e173f8 (webtiles) character file.

1265 HandofTrog the Grappler (level 8, -10/83 HPs)
             Began as a Troll Monk on Dec 3, 2015.
             Was a Priest of Okawaru.
             Mangled by an orc warrior
             ... wielding a +0 short sword
              (16 damage)
             ... on level 6 of the Dungeon.
             The game lasted 00:15:31 (4033 turns).

HandofTrog the Grappler (Troll Monk)                Turns: 4033, Time: 00:15:36

Health: -10/83     AC:  5    Str: 20    XL:     8   Next: 27%
Magic:  7/7        EV: 14    Int: 13    God:    Okawaru [***...]
Gold:   229        SH:  0    Dex: 12    Spells: 2 memorised, 5 levels left

rFire  . . .     SeeInvis .       - Unarmed
rCold  . . .     Clarity  .     a - +0 robe
rNeg   . . .     SustAt   .     (no shield)
rPois  .         Gourm    +     (helmet restricted)
rElec  .         Spirit   .     (no cloak)
rCorr  .         Warding  .     (gloves unavailable)
rMut   .         Stasis   .     (boots unavailable)
MR     .....                    (no amulet)
Stlth  +.........               (no ring)
                                g - +4 ring of evasion

@: confused, brilliant, not resistant to hostile enchantments, very unstealthy
A: unfitting armour, claws 3, fast metabolism 3, gourmand, regeneration 2,
shaggy fur 1, tough skin 2
a: Heroism, Renounce Religion


You were on level 6 of the Dungeon.
You worshipped Okawaru.
Okawaru was most pleased with you.
You were not hungry.

You visited 1 branch of the dungeon, and saw 6 of its levels.

You collected 229 gold pieces.

Inventory:

Hand Weapons
 s - a +0 giant spiked club
 u - a +1 spear
Missiles
 i - 4 tomahawks (quivered)
Armour
 a - a +0 robe (worn)
 y - a +0 shield
Jewellery
 g - a +4 ring of evasion (left claw)
Wands
 d - a wand of disintegration (16)
Scrolls
 e - 2 scrolls of magic mapping {unknown}
 h - a scroll of enchant armour {unknown}
 k - 2 scrolls of teleportation {unknown}
 l - 2 scrolls of immolation {unknown}
 o - a scroll of blinking {unknown}
 p - a scroll of remove curse
 q - 5 scrolls of recharging {unknown}
 t - 2 scrolls of enchant weapon
 x - a scroll of fear {unknown}
 B - a scroll of fog {unknown}
Potions
 m - 3 potions of cure mutation
 r - 2 potions of curing
 v - a potion of degeneration {unknown}
 w - a potion of resistance {unknown}
 z - a potion of haste {unknown}
 A - a potion of magic {unknown}
Books
 D - a book of Party Tricks

   Spells                             Type                      Level
   a - Summon Butterflies             Summoning                    1
   b - Apportation                    Translocation                1
   c - Tukima's Dance                 Hexes                        3
   d - Alistair's Intoxication        Transmutation/Poison         4
   e - Invisibility                   Hexes                        6
Comestibles
 b - 11 bread rations
 f - 2 royal jellies
 n - a beef jerky
 C - a meat ration


   Skills:
 - Level 6.0 Fighting
 - Level 2.4 Dodging
 - Level 1.1 Stealth
 + Level 8.6 Unarmed Combat


You had 5 spell levels left.
You knew the following spells:

 Your Spells              Type           Power        Failure   Level  Hunger
a - Apportation           Tloc           #.........   3%          1    ##.....
b - Summon Butterflies    Summ           #.......     3%          1    ##.....


Dungeon Overview and Level Annotations

Branches:
Dungeon (6/15)             Temple (0/1) D:5

Altars:
Ashenzari
Dithmenos
Gozag
Makhleb
Okawaru
Qazlal
Xom
Zin
The Shining One
Jiyva


Innate Abilities, Weirdness & Mutations

You are too large for most types of armour.
You have claws for hands.
Your metabolism is lightning-fast.
You like to eat raw meat.
You heal very quickly.
You are covered in fur (AC +1).
You have very tough skin (AC +2).


Message History

It is a scroll of enchant weapon.
Enchant which weapon? (? for menu, Esc to quit)
Your runed spear glows red for a moment.
The orc wizard completely misses you. The orc barely misses you.
The orc hits you with a club.
* * * LOW HITPOINT WARNING * * *
The orc warrior hits you with a short sword!
* * * LOW HITPOINT WARNING * * *
Unknown command.
Read which item? (? for menu, Esc to quit)
Okay, then.
Drink which item? (? for menu, Esc to quit)
It was a potion of ambrosia.
You are confused.
You feel invigorated.
The orc wizard hits you but does no damage.
The orc hits you from afar with a trident.
* * * LOW HITPOINT WARNING * * *
The orc warrior hits you with a short sword!
You die...

....................#
....................#
........._..........#
....................#
....................#
....................#
....................#
................)...####
.#'###########..@oo.....
.#...........#..oo......
.#...........#..........
.#...........#..........
.##..###'##'##..........
#######..##..##########.
......[...#......#
..........#......#
..........#......#


You could see an orc warrior, an orc wizard and 2 orcs.

Vanquished Creatures
  The ghost of Nicoed the Changer, an amateur DrTm (D:5)
  3 ogres
  2 centaurs
  A scorpion (D:4)
  A crimson imp (D:4)
  2 jellies
  A centaur skeleton (D:4)
  A hound (D:5)
  3 orc wizards
  5 worker ants
  2 iguanas
  2 gnolls
  9 adders
  4 oozes
  An adder zombie (D:5)
  An adder skeleton (D:4)
  2 worms (D:2)
  2 giant geckos
  7 orcs
  5 giant cockroaches
  8 goblins
  5 hobgoblins
  4 jackals (D:3)
  3 kobolds
  A quokka (D:5)
  2 ball pythons (D:3)
  A ball python skeleton (D:4)
  8 bats
  A giant gecko zombie (D:6)
  4 giant newts
  7 rats
99 creatures vanquished.

Notes
Turn   | Place    | Note
--------------------------------------------------------------
     0 | D:1      | HandofTrog the Troll Monk began the quest for the Orb.
     0 | D:1      | Reached XP level 1. HP: 22/22 MP: 0/0
   416 | D:1      | Reached XP level 2. HP: 29/29 MP: 1/1
   908 | D:2      | Reached XP level 3. HP: 32/37 MP: 2/2
  1016 | D:2      | Found an iron altar of Okawaru.
  1306 | D:2      | Became a worshipper of Warmaster Okawaru
  1306 | D:2      | Reached * piety under Okawaru
  1306 | D:2      | Reached ** piety under Okawaru
  1397 | D:3      | Reached XP level 4. HP: 45/48 MP: 3/3
  1908 | D:3      | Found an opulent altar of Gozag.
  2148 | D:4      | Noticed an ogre
  2156 | D:4      | Killed an ogre
  2156 | D:4      | Reached skill level 5 in Fighting
  2156 | D:4      | Reached XP level 5. HP: 55/57 MP: 4/4
  2384 | D:4      | Reached XP level 6. HP: 60/66 MP: 5/5
  2431 | D:4      | Reached skill level 6 in Fighting
  2583 | D:4      | Found a burning altar of Makhleb.
  2583 | D:4      | Found a shimmering altar of Xom.
  2801 | D:4      | Noticed an ogre
  2812 | D:4      | Reached skill level 5 in Unarmed Combat
  2823 | D:4      | Killed an ogre
  2823 | D:4      | Reached XP level 7. HP: 29/75 MP: 3/6
  2940 | D:5      | Entered Level 5 of the Dungeon
  3042 | D:5      | Found a viscous altar of Jiyva.
  3061 | D:5      | Found a stormy altar of Qazlal.
  3071 | D:5      | Noticed Nicoed's ghost (amateur DrTm)
  3073 | D:5      | Found a staircase to the Ecumenical Temple.
  3096 | D:5      | Killed Nicoed's ghost
  3096 | D:5      | Reached *** piety under Okawaru
  3096 | D:5      | Reached skill level 7 in Unarmed Combat
  3371 | D:5      | Reached XP level 8. HP: 83/83 MP: 7/7
  3463 | D:5      | Found a glowing silver altar of Zin.
  3463 | D:5      | Found a glowing golden altar of the Shining One.
  3464 | D:5      | Found a shattered altar of Ashenzari.
  3521 | D:5      | Reached skill level 8 in Unarmed Combat
  3912 | D:6      | Found a shadowy altar of Dithmenos.
  3926 | D:6      | Learned a level 1 spell: Apportation
  3928 | D:6      | Learned a level 1 spell: Summon Butterflies
  4032 | D:6      | HP: 4/83 [orc warrior/short sword (16)]
  4033 | D:6      | Mangled by an orc warrior

Action                   |  1- 3 |  4- 6 |  7- 9 || total
-------------------------+-------+-------+-------++-------
Melee: Unarmed           |    89 |   129 |    98 ||   316
Throw: Tomahawk          |       |     1 |     2 ||     3
Invok: Heroism           |       |     1 |       ||     1
  Use: Scroll            |       |     2 |     2 ||     4
       Potion            |       |     1 |     2 ||     3
 Stab: Sleeping          |     1 |     3 |     1 ||     5
       Distracted        |       |     1 |       ||     1
  Eat: Chunk             |    14 |    17 |     6 ||    37
